 Dungeon Crawl Stone Soup version 0.28.0-53-g5a82cb258f (webtiles) character file.

Game seed: 5843621741862558944

181164 Peloso the Fencer (level 17, -6/166 HPs)
             Began as a Minotaur Fighter on June 26, 2022.
             Was the Champion of Okawaru.
             Mangled by a deep elf blademaster
             ... wielding a +0 rapier
              (19 damage)
             ... on level 3 of the Elven Halls.
             The game lasted 01:16:54 (37637 turns).

Peloso the Fencer (Minotaur Fighter)               Turns: 37637, Time: 01:16:55

Health: -6/166     AC: 29    Str: 29    XL:     17   Next: 66%
Magic:  19/19      EV: 15    Int:  4    God:    Okawaru [******]
Gold:   1979       SH: 11    Dex: 22    Spells: 16/16 levels left

rFire   + + .      SeeInvis +   c - +11 long sword of the Eight Tusks {flame, Fragile rElec Will+}
rCold   . . .      Faith    .   e - +1 buckler {reflect}
rNeg    . . .      Spirit   .   g - +4 chain mail of Baninyu {Rampage rCorr Slay+3}
rPois   .          Reflect  +   F - +0 hat {SInv}
rElec   +          Harm     .   (no cloak)
rCorr   +          Rampage  +   l - +1 pair of gloves of Wuluor {Rampage Will+ Stlth-}
Will    +++..                   S - +2 pair of boots of Immorality {rF++ Int-3 Dex+3}
Stlth   ..........              (no amulet)
HPRegen 0.37/turn               f - +4 ring of protection
MPRegen 0.16/turn               A - ring of Toeghoq {Str+3 Int+2 Dex+6 Stlth+}

@: lethally poisoned (-6 -> -8), about to teleport
A: horns 2, retaliatory headbutt
a: Renounce Religion, Heroism, Finesse, Duel


You were on level 3 of the Elven Halls.
You worshipped Okawaru.
Okawaru was exalted by your worship.
You visited 4 branches of the dungeon, and saw 26 of its levels.
You also visited: Sewer, Bailey and Volcano.

You collected 2975 gold pieces.
You spent 996 gold pieces at shops.

Inventory:

Hand Weapons
 a - a +0 double sword of protection
 b - a +0 vorpal double sword
 c - the +11 long sword of the Eight Tusks (weapon) {flame, Fragile rElec Will+}
   (Okawaru gifted it to you on level 5 of the Lair of Beasts)

   It burns those it strikes, dealing additional fire damage.
   Big, fiery blades are also staple armaments of hydra-hunters.
   rElec:     It insulates you from electricity.
   Fragile:   It will be destroyed if unequipped.
   Will:      It increases your willpower.
 k - a +1 demon blade of flaming
 D - the +2 falchion "Kepta" {drain, rF+ rC+ Dex+4}
   (Okawaru gifted it to you on level 1 of the Elven Halls)

   A truly terrible weapon, it drains the life of any living foe it strikes.
   Dex:       It affects your dexterity (+4).
   rF:        It protects you from fire.
   rC:        It protects you from cold.
Armour
 e - a +1 buckler of reflection (worn)
 g - the +4 chain mail of Baninyu (worn) {Rampage rCorr Slay+3}
   (You found it on level 10 of the Dungeon)

   Slay:      It affects your accuracy & damage with ranged weapons and melee
   (+3).
   rCorr:     It protects you from acid and corrosion.
   Rampage:   It bestows one free step when moving towards enemies.
 l - the +1 pair of gloves of Wuluor (worn) {Rampage Will+ Stlth-}
   (You found it on level 4 of the Dungeon)

   Rampage:   It bestows one free step when moving towards enemies.
   Will:      It increases your willpower.
   Stlth:     It makes you less stealthy.
 r - the +1 plate armour "Pulish" {Fly rN++ Int-2}
   (Okawaru gifted it to you on level 6 of the Lair of Beasts)

   Int:       It affects your intelligence (-2).
   rN:        It greatly protects you from negative energy.
   Fly:       It grants you flight.
 z - the +5 crystal plate armour of Too Many Cooks {rElec rC+++ Dex-3}
   (Okawaru gifted it to you on level 1 of the Elven Halls)

   Dex:       It affects your dexterity (-3).
   rC:        It renders you almost immune to cold.
   rElec:     It insulates you from electricity.
 B - the +1 plate armour of Plog {Rampage rPois MP+9}
   (You found it in a bailey)

   rPois:     It protects you from poison.
   MP:        It affects your magic capacity (+9).
   Rampage:   It bestows one free step when moving towards enemies.
 C - a +2 chain mail of cold resistance
 F - a +0 hat of see invisible (worn)
 S - the +2 pair of boots of Immorality (worn) {rF++ Int-3 Dex+3}
   (You found it in a volcano)

   Int:       It affects your intelligence (-3).
   Dex:       It affects your dexterity (+3).
   rF:        It greatly protects you from fire.
Jewellery
 f - a +4 ring of protection (left hand)
 o - a +6 ring of dexterity
 t - a ring of positive energy
 A - the ring of Toeghoq (right hand) {Str+3 Int+2 Dex+6 Stlth+}
   (You found it on level 1 of the Elven Halls)

   [ring of dexterity]

   Str:       It affects your strength (+3).
   Int:       It affects your intelligence (+2).
   Dex:       It affects your dexterity (+6).
   Stlth:     It makes you more stealthy.
 J - a ring of protection from cold
 K - the ring of the Ziggurats {Contam rC+ Str+6 Int+6}
   (You took it off a deep elf annihilator on level 3 of the Elven Halls)

   [ring of strength]

   Str:       It affects your strength (+6).
   Int:       It affects your intelligence (+6).
   rC:        It protects you from cold.
   Contam:    It causes magical contamination when unequipped.
Wands
 y - a wand of iceblast (4)
 E - a wand of acid (4)
 H - a wand of digging (3)
 W - a wand of paralysis (14)
Scrolls
 d - 2 scrolls of fog
 m - 9 scrolls of teleportation
 n - 3 scrolls of immolation
 q - a scroll of identify
 v - 3 scrolls of magic mapping
 x - 5 scrolls of noise
 I - 4 scrolls of blinking
Potions
 h - a potion of mutation
 i - 6 potions of curing
 j - a potion of might
 p - 6 potions of flight
 s - a potion of magic
 u - 7 potions of haste
 w - a potion of heal wounds
 G - a potion of berserk rage
 N - 3 potions of resistance


   Skills:
 + Level 18.9 Fighting
 + Level 19.9 Long Blades
 + Level 17.9 Armour
 + Level 8.9 Dodging
 + Level 3.4 Stealth
 + Level 18.5 Shields
 + Level 4.1 Invocations
 + Level 0.3 Evocations


You had 16 spell levels left.
You didn't know any spells.
Your spell library contained the following spells:

 Spells                   Type           Power      Damage    Failure   Level
 Apportation              Tloc           0%         N/A       88%         1
 Magic Dart               Conj           0%         1d3       88%         1
 Pain                     Necr           0%         1d4       88%         1
 Slow                     Hex            0%         N/A       88%         1
 Blink                    Tloc           0%         N/A       95%         2
 Ensorcelled Hibernation  Hex/Ice        0%         N/A       95%         2
 Scorch                   Fire           0%         2d5       95%         2
 Confusing Touch          Hex            0%         N/A       99%         3
 Ignite Poison            Fire/Tmut/Pois 0%         N/A       99%         3
 Lesser Beckoning         Tloc           0%         N/A       99%         3
 Mephitic Cloud           Conj/Pois/Air  0%         N/A       99%         3
 Ozocubu's Armour         Ice            0%         N/A       99%         3
 Portal Projectile        Hex/Tloc       0%         N/A       99%         3
 Spider Form              Tmut/Pois      0%         N/A       99%         3
 Vampiric Draining        Necr           0%         2d6       99%         3
 Anguish                  Hex/Necr       0%         N/A       100%        4
 Cause Fear               Hex            0%         N/A       100%        4
 Flame Wave               Conj/Fire      0%         2d4       100%        4
 Leda's Liquefaction      Hex/Erth       0%         N/A       100%        4
 Petrify                  Tmut/Erth      0%         N/A       100%        4
 Agony                    Necr           0%         N/A       100%        5
 Alistair's Intoxication  Tmut/Pois      0%         N/A       100%        5
 Blade Hands              Tmut           0%         N/A       100%        5
 Borgnjor's Vile Clutch   Necr/Erth      0%         N/A       100%        5
 Excruciating Wounds      Necr           0%         N/A       100%        5
 Fireball                 Conj/Fire      0%         3d3       100%        5
 Freezing Cloud           Conj/Ice/Air   0%         6-21      100%        5
 Lee's Rapid Deconstruct  Erth           0%         3d5*      100%        5
 Manifold Assault         Tloc           0%         N/A       100%        5
 Metabolic Englaciation   Hex/Ice        0%         N/A       100%        5
 Eringya's Noxious Bog    Tmut/Pois      0%         N/A       100%        6
 Iron Shot                Conj/Erth      0%         9d1       100%        6
 Starburst                Conj/Fire      0%         6d3       100%        6
 Statue Form              Tmut/Erth      0%         N/A       100%        6
 Dragon Form              Tmut           0%         N/A       100%        7
 Enfeeble                 Hex            0%         N/A       100%        7
 Ignition                 Fire           0%         3d3       100%        8
 Animate Skeleton         Necr           Unusable   N/A       N/A         1
 Call Imp                 Summ           Unusable   N/A       N/A         2
 Call Canine Familiar     Summ           Unusable   N/A       N/A         3
 Tukima's Dance           Hex            Unusable   N/A       N/A         3
 Animate Armour           Summ/Erth      Unusable   N/A       N/A         4
 Simulacrum               Ice/Necr       Unusable   N/A       N/A         6
 Summon Cactus Giant      Summ           Unusable   N/A       N/A         6
 Dragon's Call            Summ           Unusable   N/A       N/A         9

Dungeon Overview and Level Annotations

Branches:
Dungeon (15/15)            Temple (0/1) D:4            Lair (6/6) D:8
  Swamp (0/4) Lair:3       Spider (0/4) Lair:2        Slime (0/5) Lair:5
    Orc (2/2) D:9             Elf (3/3) Orc:2        Vaults (0/5) D:13
 Depths (0/4) D:15          Sewer (visited)          Bailey (visited)
Volcano (visited)

Altars:
Ashenzari
Cheibriados
Makhleb
Okawaru
Ru
Uskayaw
Yredelemnul
Beogh

Shops:
D:1 *   D:4 ((   Orc:1 *   Orc:2 *(?*   Elf:3 (

Portals:
Hell: Lair:6

Annotations:
D:7 3 runed translucent doors, mmigdal's ghost, novice DsAK
D:8 Casa
D:10 1 runed translucent door, faxtax's ghost, journeyman DrEE
Elf:1 1 runed translucent door
Elf:2 3 runed translucent doors
Elf:3 Donald


Innate Abilities, Weirdness & Mutations

You have a pair of horns on your head.
You reflexively headbutt those who attack you in melee.


Message History

The deep elf death mage looks frightened!
The deep elf death mage easily resists.
The deep elf high priest looks frightened!
The deep elf death mage easily resists.
The deep elf annihilator resists with almost no effort.
The deep elf blademaster resists with some effort.
The deep elf demonologist resists with almost no effort.
The deep elf high priest looks frightened!
The deep elf death mage resists with almost no effort.
Donald easily resists.
The deep elf archer resists with some effort.
The +0 short sword of distortion is unaffected.
The deep elf archer looks frightened!
You feel sick.
The deep elf blademaster completely misses you.
The deep elf blademaster hits you but does no damage.
Donald says, "Really pretty, but really, really boring.
I hate that."
You block Donald's attack.
The deep elf death mage is empowered by something's aura!
The deep elf annihilator hits you but does no damage.
The deep elf archer casts a spell.
The deep elf archer blinks!
The deep elf blademaster hits you with a +0 rapier!
* * * LOW HITPOINT WARNING * * *
The deep elf blademaster barely misses you.
The deep elf demonologist gestures wildly while chanting.
The deep elf high priest gives up.
Donald hits you but does no damage.
The deep elf death mage hits you but does no damage.
The deep elf death mage hits you with a +0 long sword!
* * * LOW HITPOINT WARNING * * *
A deep elf elementalist comes into view.
It is wielding a +0 long sword.
As you read the scroll of teleportation, it crumbles to dust.
You feel strangely unstable.
You feel sick.
Donald is empowered by the deep elf high priest's aura!
The deep elf high priest calls down the wrath of its god upon you.
Something smites you!
* * * LOW HITPOINT WARNING * * *
The deep elf blademaster hits you but does no damage.
The deep elf blademaster hits you with a +0 rapier!!
You die...

⌠,,,**,,,,,,,,,,,,,,,,,,,,,,**,,,
,,,,,,,,,,,,,,,,,,,,,,,,,,,,,,,,,
,,,,,,,,,,,,⌠,,,,,,,,⌠,,,,,,,,,,,
,,,,,,,,,.,,,,,,,,,,,,,,,,,,,,,,,
*,,,**,,,.e*,*,,,,,,,**.,,,,**,,,
*,,,**,,,...#,,*,,,*##..,,,,**,,,
,,,,,,,,,...e.##*e*.....,,,,,,,,,
,,,,,,,,,......e##e.....,,,,,,,,,
,,,,,,,,,....eee@@...e..,,,,,,,,,
,,,,**,,,.....2ee(......,,,,**,,,
,,******,...ee.#..#.....,,******,
***,,,,**#....##..#*....***,,,,**
*,,,,,,,,#######..#**###*,,,,,,,,
,,,,,,,,,*#....#..# *,,,,,,,,
***,,,,*** #.)[#.e# ***,,,,**
****** ##.e)#e§## ******
#...§§.).##


You could see a deep elf blademaster, Donald (fast, empowered), a deep elf
master archer (fleeing), a deep elf annihilator, 4 deep elf death magi, a
blizzard demon (summoned), a deep elf sorcerer (fast), a deep elf elementalist
(repels missiles), a deep elf demonologist, 2 deep elf archers, 2 deep elf high
priests and a +0 short sword of distortion.

Vanquished Creatures
  Rupert (D:14)
  Kirke (Lair:5)
  Roxanne (D:14)
  10 deep elf sorcerers
  5 deep elf elementalists (Elf:3)
  Nessos (D:13)
  2 deep elf annihilators
  A red draconian (Volcano)
  An ettin (D:15)
  The ghost of Wolly the Archer, a journeyman CeAM of Okawaru (Lair:5)
  3 deep elf death magi
  2 deep elf high priests (Elf:3)
  The ghost of kalagan the Thaumaturge, a journeyman DECj of Sif Muna (Lair:5)
  Erolcha (Orc:2)
  A hell beast (Lair:6)
  A rakshasa (D:15)
  9 hydras
  A catoblepas (D:15)
  8 ogre magi
  4 boulder beetles
  19 two-headed ogres
  6 centaur warriors
  3 death knights
  5 tengu warriors
  18 dancing weapons
  An alligator (shapeshifter) (Elf:3)
  Urug (D:11)
  An orc high priest (Orc:1)
  The ghost of SnailSD the Fighter, a novice OpFi of Hepliaklqana (Lair:1)
  10 deep elf knights
  8 skeletal warriors
  A flayed ghost (D:15)
  An orb spider (Lair:2)
  2 bog bodies (Lair:3)
  9 orc knights
  A swamp dragon (shapeshifter) (Elf:3)
  3 wizards
  Pikel (D:7)
  16 deep elf archers
  26 deep elf pyromancers
  30 deep elf zephyrmancers
  2 necromancers (D:15)
  A lindwurm (Lair:2)
  10 ugly things
  4 orc sorcerers
  3 manticores (D:12)
  4 cyclopes
  A salamander (shapeshifter) (Elf:1)
  A torpor snail (Lair:6)
  2 orange demons (Lair:6)
  5 gargoyles
  6 black mambas
  6 kobold demonologists
  A cane toad (shapeshifter) (Elf:2)
  14 cane toads
  3 unseen horrors
  5 rime drakes
  2 ice devils (Lair:6)
  An efreet (D:10)
  A komodo dragon (shapeshifter) (Elf:2)
  3 yaktaurs
  2 tengu conjurers (D:15)
  13 komodo dragons
  7 freezing wraiths
  A hellwing (Lair:6)
  2 red devils (Lair:6)
  A meliai (D:15)
  7 trolls
  A polar bear (Lair:6)
  A raiju (shapeshifter) (D:15)
  5 hornets
  4 dream sheep (Lair:4)
  Prince Ribbit (D:7)
  8 slime creatures
  3 blink frogs (Lair:4)
  A shadow (D:12)
  3 vampires
  5 water elementals
  An air elemental (Elf:3)
  5 wyverns
  Sigmund (D:4)
  4 wraiths
  2 fire elementals
  46 yaks
  7 hogs (Lair:5)
  3 basilisks
  Eustachio (D:4)
  A steam dragon (D:8)
  7 wargs
  19 water moccasins
  2 swamp worms (Lair:3)
  3 acid dragons
  3 hell hounds (Lair:6)
  2 floating eyes (Orc:1)
  2 ice beasts
  47 orc warriors
  A necrophage (D:7)
  4 black bears (Lair:3)
  4 boggarts
  4 wolves (Lair:6)
  25 centaurs
  17 ogres
  A lemure (D:7)
  8 kobold brigands
  7 gnoll sergeants (D:9)
  11 bullfrogs
  4 earth elementals
  5 scorpions
  A killer bee (D:10)
  An electric eel (Lair:3)
  7 howler monkeys
  7 vampire bats (Bailey)
  3 wolf zombies (Bailey)
  3 centaur zombies
  A bullfrog zombie (D:5)
  3 hounds
  12 jellies (Lair:5)
  16 orc priests
  6 centaur skeletons
  2 iguanas
  17 orc wizards
  A scorpion zombie (D:5)
  5 hell rats (Lair:3)
  A hound skeleton (D:5)
  17 gnolls
  2 howler monkey skeletons
  6 river rats (Sewer)
  10 adders
  A shadow imp (D:7)
  An ufetubus (D:7)
  7 worms
  A dart slug (D:4)
  76 orcs
  11 ball pythons
  19 bats
  5 endoplasms
  8 giant cockroaches
  13 goblins
  A hobgoblin (D:1)
  7 jackals
  5 quokkas
  9 frilled lizards
  18 kobolds
  19 orc zombies (Bailey)
  3 rats
930 creatures vanquished.

Vanquished Creatures (others)
  A deep elf knight (Elf:1)
  An orc (Orc:1)
  A ball python (D:3)
  20 fungi
  45 plants
  2 withered plants (Lair:5)
70 creatures vanquished.

Grand Total: 1000 creatures vanquished

Notes
Turn   | Place    | Note
-------+----------+-------------------------------------------
     0 | D:1      | Peloso the Minotaur Fighter began the quest for the Orb.
     0 | D:1      | Reached XP level 1. HP: 19/19 MP: 0/0
   133 | D:1      | Reached XP level 2. HP: 27/27 MP: 1/1
   233 | D:1      | Found Wiewuid's Assorted Antiques.
   247 | D:1      | Bought a scroll labelled QEPROV VAQAE for 26 gold pieces
   369 | D:1      | Reached XP level 3. HP: 33/33 MP: 2/2
   945 | D:2      | Found a faded altar of an unknown god.
   949 | D:2      | Reached skill level 3 in Long Blades
   949 | D:2      | You fall into a shaft and drop 2 floors!
   949 | D:4      | Noticed a bullfrog
   954 | D:4      | Noticed a scorpion
   966 | D:4      | Killed a bullfrog
   967 | D:4      | Reached XP level 4. HP: 24/41 MP: 3/3
   969 | D:4      | Killed a scorpion
   970 | D:4      | Reached skill level 4 in Long Blades
   970 | D:4      | Reached skill level 1 in Dodging
   970 | D:4      | Reached XP level 5. HP: 25/47 MP: 4/4
   974 | D:4      | Found a broken altar of Ashenzari.
  1149 | D:4      | Found Wewounga's Antique Weapon Shoppe.
  1159 | D:4      | Identified the +1 pair of gloves of Wuluor {Rampage Will+
                  | Stlth-}
  1555 | D:2      | Found an iron altar of Okawaru.
  1563 | D:2      | Became a worshipper of Warmaster Okawaru
  1867 | D:3      | Reached skill level 5 in Armour
  2263 | D:3      | Found a hide-covered altar of Uskayaw.
  2275 | D:3      | Found a basalt altar of Yredelemnul.
  2614 | D:4      | Found a staircase to the Ecumenical Temple.
  2631 | D:4      | Reached XP level 6. HP: 50/52 MP: 5/5
  2714 | D:4      | Reached skill level 5 in Long Blades
  2793 | D:4      | Found Varut's Weapon Boutique.
  2795 | D:4      | Noticed Eustachio
  2831 | D:4      | Killed Eustachio
  2831 | D:4      | Reached * piety under Okawaru
  2832 | D:4      | Reached skill level 5 in Fighting
  2832 | D:4      | Reached skill level 6 in Long Blades
  2832 | D:4      | Reached XP level 7. HP: 22/61 MP: 6/6
  3075 | D:4      | Noticed Sigmund
  3082 | D:4      | Killed Sigmund
  3083 | D:4      | Reached skill level 5 in Shields
  3330 | D:5      | Entered Level 5 of the Dungeon
  3349 | D:5      | Reached skill level 1 in Stealth
  3466 | D:5      | Found a glowing drain.
  3470 | Sewer    | Entered a sewer
  3479 | Sewer    | Reached skill level 7 in Long Blades
  4351 | D:5      | Reached XP level 8. HP: 68/68 MP: 7/7
  4357 | D:5      | Reached ** piety under Okawaru
  4401 | D:5      | Reached skill level 8 in Long Blades
  4449 | D:5      | Identified the +2 leather armour of the Volcano {rF+}
  4506 | D:5      | Found a snail-covered altar of Cheibriados.
  5186 | D:6      | Reached skill level 9 in Long Blades
  5849 | D:7      | Reached *** piety under Okawaru
  5850 | D:7      | Reached XP level 9. HP: 57/78 MP: 5/8
  6113 | D:7      | Noticed Prince Ribbit
  6127 | D:7      | Killed Prince Ribbit
  6170 | D:7      | Reached skill level 10 in Long Blades
  6218 | D:7      | Found a runed translucent gate.
  6218 | D:7      | Found a runed translucent gate.
  6218 | D:7      | Found a runed translucent gate.
  6218 | D:7      | Noticed mmigdal's ghost (novice DsAK)
  6594 | D:7      | Noticed Pikel
  6616 | D:7      | Killed Pikel
  6730 | D:7      | Reached skill level 11 in Long Blades
  8126 | D:8      | Noticed a two-headed ogre
  8135 | D:8      | Killed a two-headed ogre
  8135 | D:8      | Reached **** piety under Okawaru
  8136 | D:8      | Reached skill level 1 in Invocations
  8136 | D:8      | Reached XP level 10. HP: 85/90 MP: 6/9
  8296 | D:8      | Found a staircase to the Lair.
  8491 | D:9      | Found a staircase to the Orcish Mines.
  8553 | D:9      | Found a flagged portal.
  8573 | Bailey   | Entered a bailey
  8750 | Bailey   | Noticed a gargoyle
  8780 | Bailey   | Killed a gargoyle
  8781 | Bailey   | Reached skill level 12 in Long Blades
  9517 | Bailey   | Identified the +1 plate armour of Plog {Rampage rPois MP+9}
  9755 | D:9      | Reached ***** piety under Okawaru
 10096 | D:8      | Reached skill level 13 in Long Blades
 10444 | D:9      | Noticed a two-headed ogre
 10447 | D:9      | Noticed a sixfirhy
 10454 | D:9      | Killed a two-headed ogre
 10455 | D:9      | Reached XP level 11. HP: 69/99 MP: 11/11
 10462 | D:9      | Noticed a sixfirhy
 10463 | D:9      | Noticed a sixfirhy
 10494 | D:9      | Reached skill level 10 in Fighting
 10494 | D:9      | Reached skill level 10 in Armour
 10936 | D:10     | Entered Level 10 of the Dungeon
 10942 | D:10     | Found a runed translucent door.
 10943 | D:10     | Identified the +7 trident "Tiump" {freeze, rN+ Str+4}
 10943 | D:10     | Noticed faxtax's ghost (journeyman DrEE)
 11871 | D:10     | Identified the +4 chain mail of Baninyu {Rampage rCorr
                  | Slay+3}
 12082 | D:10     | Noticed a two-headed ogre
 12098 | D:10     | Killed a two-headed ogre
 12129 | D:10     | Received a gift from Okawaru
 12326 | D:10     | Noticed a death knight
 12327 | D:10     | Noticed a centaur warrior
 12341 | D:10     | Killed a death knight
 12347 | D:10     | Killed a centaur warrior
 12348 | D:10     | Reached skill level 14 in Long Blades
 12700 | D:10     | Reached skill level 10 in Shields
 12806 | D:10     | Identified the +1 chain mail of Howling Wind {Contam rElec
                  | Str+2 Dex+3}
 13104 | D:11     | Noticed a boulder beetle
 13170 | D:10     | Killed a boulder beetle
 13171 | D:10     | Reached XP level 12. HP: 97/110 MP: 12/12
 13398 | D:11     | Reached ****** piety under Okawaru
 13499 | D:11     | Noticed a two-headed ogre
 13539 | D:11     | Killed a two-headed ogre
 13652 | D:11     | Noticed Urug
 13667 | D:11     | Killed Urug
 14528 | Lair:1   | Entered Level 1 of the Lair of Beasts
 14528 | Lair:1   | Found a large runed translucent door.
 15344 | Lair:1   | Found a large runed translucent door.
 15348 | Lair:1   | Noticed SnailSD's ghost (novice OpFi)
 15746 | Lair:2   | Received a gift from Okawaru
 16442 | Lair:2   | Found a hole to the Spider Nest.
 16625 | Lair:3   | Noticed a four-headed hydra
 16633 | Lair:3   | Killed a one-headed hydra
 16712 | Lair:3   | Reached skill level 15 in Long Blades
 16947 | Lair:3   | Identified the +0 robe "Ulolotrasm" {rC- Str+7} (Okawaru
                  | gifted it to you on level 3 of the Lair of Beasts)
 16947 | Lair:3   | Received a gift from Okawaru
 16968 | Lair:3   | HP: 5/113 [black mamba (11)]
 17677 | Lair:3   | Reached XP level 13. HP: 116/119 MP: 13/13
 17833 | Lair:3   | Found a staircase to the Swamp.
 18342 | D:12     | Reached skill level 5 in Dodging
 19593 | D:13     | Noticed Nessos
 19599 | D:13     | Killed Nessos
 20238 | D:13     | Found a sacrificial altar of Ru.
 20515 | D:13     | Identified the +1 plate armour "Gubycsy" {rN+ Int+2 Slay+2}
                  | (Okawaru gifted it to you on level 13 of the Dungeon)
 20515 | D:13     | Received a gift from Okawaru
 20549 | D:13     | Reached skill level 16 in Long Blades
 20829 | D:13     | Found a gate to the Vaults.
 21139 | Orc:1    | Entered Level 1 of the Orcish Mines
 21173 | Orc:1    | Reached XP level 14. HP: 32/132 MP: 12/15
 21199 | Orc:1    | Found a dark tunnel.
 21205 | Volcano  | Entered a volcano
 21642 | Volcano  | Identified the +2 pair of boots of Immorality {rF++ Int-3
                  | Dex+3}
 22514 | Orc:1    | Found Etushroir's Assorted Antiques.
 22525 | Orc:1    | Bought a scroll of identify for 58 gold pieces
 22636 | Orc:1    | Paralysed by a floating eye for 3 turns
 22655 | Orc:1    | Paralysed by a hornet for 3 turns
 22672 | Orc:1    | Paralysed by a hornet for 2 turns
 23157 | Orc:2    | Entered Level 2 of the Orcish Mines
 23162 | Orc:2    | Noticed Erolcha
 23172 | Orc:2    | Killed Erolcha
 23181 | Orc:2    | Found a staircase to the Elven Halls.
 24145 | Orc:2    | Received a gift from Okawaru
 24302 | Orc:2    | Found Ixoam's Magic Scroll Shoppe.
 24302 | Orc:2    | Found Amir Tol's Assorted Antiques.
 24308 | Orc:2    | Bought a murky sapphire potion for 29 gold pieces
 24317 | Orc:2    | Bought 3 scrolls of magic mapping for 136 gold pieces
 24317 | Orc:2    | Bought a scroll of identify for 26 gold pieces
 24317 | Orc:2    | Bought a scroll of fear for 45 gold pieces
 24528 | Orc:2    | Found Cuckyiqoh's Assorted Antiques.
 24528 | Orc:2    | Found Vaeroc's Antique Weapon Boutique.
 24533 | Orc:2    | Bought a wavering copper ring for 100 gold pieces
 24533 | Orc:2    | Identified the ring "Owiagg" {Fire MP+9 Dex-2 Stlth+} (You
                  | bought it in a shop on level 2 of the Orcish Mines)
 24547 | Orc:2    | Bought a glowing double sword for 576 gold pieces
 25567 | Lair:4   | Reached skill level 15 in Fighting
 25916 | Lair:5   | Found a staircase to the Slime Pits.
 26151 | Lair:5   | Found a runed translucent gate.
 26151 | Lair:5   | Found a runed translucent gate.
 26152 | Lair:5   | Found a runed translucent gate.
 26178 | Lair:5   | Reached skill level 15 in Shields
 26381 | Lair:5   | Noticed Kirke
 26419 | Lair:5   | Killed Kirke
 26420 | Lair:5   | Reached skill level 17 in Long Blades
 26722 | Lair:5   | Noticed kalagan's ghost (journeyman DECj)
 26722 | Lair:5   | Noticed Wolly's ghost (journeyman CeAM)
 26831 | Lair:5   | Killed Wolly's ghost
 26839 | Lair:5   | Killed kalagan's ghost
 26839 | Lair:5   | Identified the +11 long sword of the Eight Tusks {flame,
                  | Fragile rElec Will+} (Okawaru gifted it to you on level 5
                  | of the Lair of Beasts)
 26839 | Lair:5   | Received a gift from Okawaru
 26990 | Lair:6   | Entered Level 6 of the Lair of Beasts
 27002 | Lair:6   | Reached skill level 15 in Armour
 27010 | Lair:6   | Reached XP level 15. HP: 64/141 MP: 16/16
 27720 | Lair:6   | Identified the +1 leather armour of Intuition {Contam
                  | Rampage rN++ Str+4}
 28050 | Lair:6   | Identified the +1 plate armour "Pulish" {Fly rN++ Int-2}
                  | (Okawaru gifted it to you on level 6 of the Lair of Beasts)
 28050 | Lair:6   | Received a gift from Okawaru
 28317 | Lair:6   | Found a burning altar of Makhleb.
 28948 | Lair:6   | Found a gateway to Hell.
 29208 | Lair:1   | Killed SnailSD's ghost
 29638 | D:14     | Noticed Rupert
 29649 | D:14     | Killed Rupert
 29651 | D:14     | Noticed Roxanne
 29686 | D:14     | Killed Roxanne
 30437 | D:15     | Entered Level 15 of the Dungeon
 30752 | D:15     | Identified the +0 scale mail of the Tuna {Regen+ Int+2}
                  | (Okawaru gifted it to you on level 15 of the Dungeon)
 30752 | D:15     | Received a gift from Okawaru
 30769 | D:15     | Reached skill level 18 in Long Blades
 31078 | D:15     | Reached XP level 16. HP: 147/152 MP: 17/17
 31180 | D:15     | Found a staircase to the Depths.
 32528 | Elf:1    | Entered Level 1 of the Elven Halls
 32528 | Elf:1    | Found a runed translucent gate.
 32528 | Elf:1    | Found a runed translucent gate.
 32528 | Elf:1    | Found a runed translucent gate.
 32528 | Elf:1    | Found a runed translucent gate.
 32528 | Elf:1    | Found a runed translucent gate.
 32528 | Elf:1    | Found a runed translucent gate.
 32529 | Elf:1    | Found a runed translucent door.
 32554 | Elf:1    | Found a runed translucent door.
 32560 | Elf:1    | Identified the +5 crystal plate armour of Too Many Cooks
                  | {rElec rC+++ Dex-3} (Okawaru gifted it to you on level 1 of
                  | the Elven Halls)
 32560 | Elf:1    | Received a gift from Okawaru
 32570 | Elf:1    | Identified the ring of Toeghoq {Str+3 Int+2 Dex+6 Stlth+}
 34133 | Elf:1    | Identified the +2 falchion "Kepta" {drain, rF+ rC+ Dex+4}
                  | (Okawaru gifted it to you on level 1 of the Elven Halls)
 34133 | Elf:1    | Received a gift from Okawaru
 34611 | Elf:2    | Reached skill level 19 in Long Blades
 34705 | Elf:2    | Reached XP level 17. HP: 133/163 MP: 19/19
 35245 | Elf:2    | Identified the +2 cloak "Macoroeb" {Harm Int+5 Dex+2}
                  | (Okawaru gifted it to you on level 2 of the Elven Halls)
 35245 | Elf:2    | Received a gift from Okawaru
 35467 | Elf:2    | Found a runed translucent gate.
 35468 | Elf:2    | Found a runed translucent gate.
 35468 | Elf:2    | Found a runed translucent gate.
 35570 | Elf:3    | Entered Level 3 of the Elven Halls
 35608 | Elf:3    | Found Ascharar's Antique Weapon Boutique.
 35611 | Elf:3    | Paralysed by an air elemental for 1 turns
 35615 | Elf:3    | Paralysed by an air elemental for 1 turns
 36789 | Elf:3    | Identified the +9 battleaxe "Ereurr" {spect, rF++}
 36789 | Elf:3    | Identified the ring of the Ziggurats {Contam rC+ Str+6
                  | Int+6}
 37083 | Elf:3    | Noticed a deep elf blademaster
 37594 | Elf:3    | Identified the +12 falchion of Fragile Peace {freeze, Will+
                  | Str+4 Int-3 SInv}
 37614 | Elf:3    | Identified the +7 plate armour of the Snail {Harm rPois
                  | rCorr SInv} (Okawaru gifted it to you on level 3 of the
                  | Elven Halls)
 37614 | Elf:3    | Received a gift from Okawaru
 37635 | Elf:3    | Noticed a deep elf master archer
 37635 | Elf:3    | Identified the +2 morningstar of Bamiq {vorpal, *Slow Fly
                  | rCorr}
 37635 | Elf:3    | Noticed Donald
 37637 | Elf:3    | Mangled by a deep elf blademaster

Illustrated notes

Levels and vault maps discovered:
D:1:      dpeg_arrival_rhombus, layout_basic, serial_shops,
          nicolae_shop_overgrown_old_shop, minmay_tetromino_t2
D:2:      layout_loops_corners, ebering_ecumenical_altar_box, basic_altar
D:3:      layout_loops_ring, mainiacjoe_overflow_catch_the_wave,
          lemuel_old_faithful
D:4:      layout_rooms, mainiacjoe_overflow_surrounded_room,
          minmay_temple_entry_statues_pillars, serial_shops,
          nicolae_shop_bloodbath_and_beyond, shop_statue, uniq_eustachio,
          uniq_sigmund
D:5:      layout_loops_cross, mainiacjoe_overflow_small_starburst,
          gup_sewer_entry_bowl, minmay_misc_feat_iff
D:6:      layout_basic
D:7:      layout_basic, ebering_ghost_rock_garden, uniq_pikel,
          uniq_prince_ribbit1
D:8:      layout_basic, lair_entry_dummy, grunt_ogre_cave
D:9:      layout_rooms, kennysheep_orc_monster_closet_entryway, enter_bailey_7
D:10:     kennysheep_windowed_halls, layout_irregular_city,
          ebering_ghost_funeral_grove, kennysheep_generic_room_12
D:11:     layout_cave_pods, uniq_urug
D:12:     layout_basic, chequers_serial_rivers_micro_c
D:13:     layout_stronghold, hangedman_vaults_entry_quadrant_bands,
          nicolae_ru_great_annihilating_truth, uniq_nessos
D:14:     layout_roguey, nicolae_concentric_dashed_squares_mild, uniq_roxanne,
          uniq_rupert
D:15:     hangedman_depths_entry_civil_slaughter, layout_basic, minivault_28
Lair:1:   layout_layer_cave, ebering_ghost_disaster_area
Lair:2:   layout_layer_cave, nicolae_spider_entry_orb_guardian,
          grunt_megastairs_3, lemuel_fruit_tree
Lair:3:   layout_cave_pods, nicolae_swamp_entry_splash_gauntlet,
          chequers_serial_rivers_micro_e, beast_lair_carwin_1
Lair:4:   layout_gridlike
Lair:5:   layout_long_grid, minmay_slime_entry_jelly_boxes,
          gammafunk_ghost_cemetery, minmay_hedge_maze, grunt_megastairs_4,
          uniq_kirke
Lair:6:   evil_forest, layout_long_grid
Orc:1:    hellmonk_paralyzer, layout_diamond_mine,
          nicolae_volcano_entry_hallway, serial_shops, shop
Orc:2:    st_orc_town, layout_caves, library_closet, uniq_erolcha
Elf:1:    nicolae_elf_arrival_dilemma, layout_loops_corners,
          hangedman_elf_disciples
Elf:2:    nicolae_elf_blades_crystal_corner, layout_loops_cross,
          minmay_misc_feat_cross, drop_trap
Elf:3:    minmay_elf_hall_spiked, layout_geoelf_grid, serial_shops, shop,
          grunt_ministairs_7, grunt_megastairs_2, uniq_donald

Skill      XL: |  1  2  3  4  5  6  7  8  9 10 11 12 13 14 15 16 17 |
---------------+----------------------------------------------------+-----
Fighting       | 4 5 6 8 9 11 12 14 15 16 18 | 18.9
Shields        | 4 5 6 7 8 10 12 13 15 16 17 18 | 18.5
Armour         | 4 5 6 7 8 9 10 12 13 15 16 17 | 17.9
Long Blades    | 3 4 6 7 9 11 13 14 15 16 17 18 19 | 19.9
Dodging        | 1 2 3 4 6 7 8 |  8.9
Stealth        | 1 2 3 |  3.4
Invocations    | 1 2 3 4 |  4.1
Evocations     | |  0.3

Action                   |  1- 3 |  4- 6 |  7- 9 | 10-12 | 13-15 | 16-18 || total
-------------------------+-------+-------+-------+-------+-------+-------++-------
Melee: Long sword        |    67 |    91 |   415 |   487 |   393 |   557 ||  2010
       Headbutt          |    16 |    18 |    89 |   185 |   308 |   153 ||   769
       Scimitar          |       |       |       |   232 |   264 |       ||   496
       Demon blade       |       |       |       |       |   476 |       ||   476
Invok: Heroism           |       |       |     6 |    17 |    32 |     8 ||    63
Evoke: Wand              |       |       |       |       |     4 |       ||     4
  Use: Potion            |     1 |     3 |     1 |     3 |     4 |       ||    12
       Scroll            |       |       |    11 |     5 |    11 |     6 ||    33
 Stab: Paralysed         |       |       |       |       |     5 |       ||     5
       Invisible         |       |       |       |       |     6 |       ||     6
Armor: Scale mail        |    26 |       |       |       |       |       ||    26
       Chain mail        |    19 |    50 |     2 |   159 |   495 |   138 ||   863
       Plate armour      |       |       |   280 |   228 |       |       ||   508
Dodge: Dodged            |    32 |    33 |   161 |   239 |   549 |   183 ||  1197
Block: Buckler           |    23 |    25 |   134 |    98 |   530 |   177 ||   987
       Kite shield       |       |       |       |   296 |    49 |       ||   345
       Reflection        |       |       |       |       |       |    24 ||    24
